Map: Catalyst LE

Players

Zest - Winner!

  • Race: Protoss Protoss
  • League: Master
  • Spawn Location: 5:00

HeRoMaRinE

  • Race: Terran Terran
  • League: Master
  • Spawn Location: 11:00

Event: HomeStory Cup XVII

VOD

Have the link to the VOD?

Description

Time

  • Played on: June 30, 2018, 3:51 p.m.
  • Length: 9:27

All games in this series

Show
View Real Time Build Order
Export as new Build Order

Zest Protoss - Winner!

Build Orders: Blink Stalkers 

Get SALT Encoding   

  12  0:00  Probe  
  13  0:13  Probe  
  14  0:18  Pylon  
  14  0:25  Probe  
  15  0:33  Probe  
  15  0:38  Gateway  
  15  0:41  Probe  
  16  0:48  Assimilator  
  17  0:51  Probe  
  18  0:58  Pylon  
  18  1:03  Probe  
  19  1:15  Probe  
  20  1:25  Zealot, Cybernetics Core  
  20  1:27  Probe  
  23  1:51  Stalker  
  23  1:52  Nexus  
  25  2:03  Warp Gate  
  25  2:08  Assimilator  
  25  2:11  Probe, Stalker  
  28  2:23  Probe  
  28  2:29  Pylon  
  30  2:41  Stalker  
  31  3:00  Probe  
  31  3:01  Stalker  
  32  3:08  Probe  
  32  3:10  Twilight Council  
  35  3:14  Probe  
  36  3:20  Probe  
  36  3:26  Blink, Probe  
  35  3:32  Probe  
  34  3:38  Probe  
  34  3:40  Probe  
  35  3:48  Probe  
  36  3:51  Probe  
  36  3:52  Gateway  
  36  3:54  Gateway  
  38  3:59  Probe  
  39  4:03  Probe  
  39  4:07  Robotics Facility  
  40  4:11  Probe  
  40  4:16  Probe  
  42  4:24  Probe  
  43  4:28  Probe  
  44  4:39  Probe  
  46  4:46  Nexus  
  46  4:49  Pylon  
  45  4:53  Stalker  
  45  4:54  Stalker x2  
  45  4:55  Observer  
  45  4:58  Pylon  
  52  5:00  Probe  
  52  5:01  Probe  
  52  5:06  Warp Prism  
  54  5:08  Charge  
  54  5:19  Stalker x2  
  60  5:21  Stalker  
  62  5:30  Probe, Pylon  
  62  5:31  Probe  
  64  5:44  Gateway  
  64  5:45  Gateway  
  64  5:47  Gateway  
  64  5:51  Gateway  
  64  6:02  Gateway  
  62  6:15  Stalker x3, Observer  
  64  6:26  Observer  
  64  6:30  Probe x3  
  67  6:40  Stalker x5  
  67  6:45  Pylon  
  77  6:49  Probe x2  
  75  7:03  Warp Prism  
  61  7:19  Probe  
  61  7:21  Zealot x7  
  72  7:31  Dark Shrine  
  72  7:33  Zealot  
  72  7:34  Probe x3  
  77  7:41  Pylon  
  77  7:43  Assimilator  
  77  7:46  Probe x3  
  77  7:47  Assimilator  
  80  7:59  Zealot x8  
  96  8:09  Pylon  
  91  8:26  Stalker x8  
  103  8:36  Immortal  
  107  8:51  Dark Templar  
  112  9:01  Zealot  
  112  9:02  Zealot  
  116  9:04  Zealot x2  
  112  9:19  Dark Templar x2  
  112  9:22  Pylon  
  112  9:23  Pylon  
  116  9:24  Pylon  
Show
View Real Time Build Order
Export as new Build Order

HeRoMaRinE Terran 

Build Orders: Cyclone Opening, Gas First Reaper Expand, Reaper Expand, MMM Bio 

Get SALT Encoding   

  12  0:00  SCV  
  13  0:12  SCV  
  14  0:18  Supply Depot  
  14  0:25  SCV  
  15  0:29  Refinery  
  15  0:40  SCV  
  16  0:44  Barracks  
  16  0:52  SCV  
  17  1:04  SCV  
  18  1:16  SCV  
  19  1:31  Reaper  
  19  1:32  Orbital Command  
  20  1:49  Command Center  
  20  1:57  Factory  
  20  2:00  SCV  
  21  2:06  Barracks Reactor  
  21  2:09  Refinery  
  21  2:12  SCV  
  22  2:19  Supply Depot  
  22  2:24  SCV  
  23  2:40  SCV  
  23  2:41  Cyclone  
  27  2:50  Marine x2  
  29  2:53  SCV  
  28  3:00  Starport  
  28  3:05  SCV  
  29  3:10  Marine x2  
  31  3:23  SCV  
  28  3:35  Cyclone, SCV  
  28  3:37  Marine x2  
  32  3:41  Starport Tech Lab  
  32  3:47  SCV  
  32  3:48  Orbital Command  
  33  3:55  Marine x2  
  35  3:59  SCV  
  35  4:00  Raven  
  38  4:09  Factory Tech Lab  
  38  4:11  SCV  
  38  4:12  Marine x2  
  38  4:13  Orbital Command  
  41  4:23  SCV  
  42  4:27  Supply Depot  
  42  4:28  Siege Tank  
  42  4:30  Marine  
  46  4:32  Marine  
  46  4:38  SCV  
  46  4:41  SCV  
  46  4:55  Barracks  
  46  4:57  SCV  
  46  4:59  SCV  
  48  5:02  Starport Reactor, Barracks  
  48  5:05  Stimpack, Marine  
  49  5:07  Supply Depot  
  49  5:09  SCV  
  49  5:11  SCV  
  49  5:13  Engineering Bay  
  51  5:21  SCV  
  51  5:23  Marine, SCV  
  54  5:29  Siege Tank  
  54  5:33  Supply Depot, SCV  
  54  5:35  SCV  
  59  5:41  Refinery  
  59  5:44  Marine  
  59  5:45  Refinery, SCV  
  59  5:46  Starport Reactor  
  59  5:47  SCV  
  62  5:50  Terran Infantry Weapons Level 1  
  62  5:54  Marine x4  
  62  5:56  Supply Depot  
  64  5:57  SCV  
  64  6:01  SCV  
  64  6:04  Marine  
  67  6:09  SCV  
  63  6:12  Marine x4  
  63  6:13  SCV  
  63  6:18  Siege Tank  
  70  6:21  Marine  
  70  6:22  SCV  
  70  6:25  SCV  
  67  6:30  Marine x4  
  71  6:34  SCV  
  71  6:39  Marine  
  73  6:43  Medivac x2  
  73  6:45  Supply Depot  
  77  6:48  Marine  
  77  6:49  Supply Depot  
  77  6:53  Supply Depot, Marine x2  
  77  6:58  Marine  
  77  6:59  Marine  
  74  7:01  SCV x2  
  74  7:06  Marine  
  68  7:11  Liberator x2, Marine x2  
  68  7:13  SCV x2  
  65  7:16  Marine x2  
  64  7:23  Marine  
  64  7:29  Marine x2  
  72  7:34  Marine x2  
  74  7:41  Marine  
  73  7:45  Siege Tank  
  73  7:47  Marine x2  
  73  7:50  SCV  
  73  7:51  Marine, SCV  
  80  7:52  Marine, Barracks  
  80  7:53  Barracks  
  80  7:57  Liberator  
  82  7:58  Liberator  
  82  7:59  Marine  
  82  8:05  Marine x2  
  85  8:06  Combat Shields  
  85  8:09  Marine  
  85  8:10  Marine  
  85  8:11  Supply Depot  
  85  8:12  Supply Depot  
  87  8:17  Marine  
  94  8:22  Marine x2  
  96  8:29  Marine x2  
  97  8:35  Marine  
  97  8:38  SCV x2  
  97  8:40  Marine x4  
  102  8:47  Marine x2  
  102  8:52  Marine  
  103  8:58  Marine x4  
  114  9:04  Supply Depot  
  114  9:05  Marine x2  
Tags
 
Add a new tag
Caveats
  • Supply blocks, unpowered buildings, or Contaminate may cause inaccurate times.
  • Supply counts are checked every 10 seconds.